 Dungeon Crawl Stone Soup version 0.29.1-13-g9f3cf754e1 (webtiles) character file.

Game seed: 7920789560939987517

1305 KyoPewz the Thaumaturge (level 8, -1/46 HPs)
             Began as a Deep Elf Conjurer on Feb 6, 2023.
             Shot with an arrow by a centaur (2 damage)
             ... on level 6 of the Dungeon.
             The game lasted 00:31:46 (5000 turns).

KyoPewz the Thaumaturge (Deep Elf Conjurer)         Turns: 5000, Time: 00:31:46

Health: -1/46      AC: 12    Str:  8    XL:     8   Next: 31%
Magic:  14/22      EV: 12    Int: 26    God:
Gold:   153        SH:  0    Dex: 13    Spells: 1/23 levels left

rFire   . . .      SeeInvis .   a - staff of conjuration {a}
rCold   . . .      Faith    .   (no shield)
rNeg    . . .      Spirit   .   A - +0 robe
rPois   .          Reflect  .   q - +0 helmet
rElec   .          Harm     .   p - +3 cloak of Ofapasti {Str+4}
rCorr   .          Rampage  .   (no gloves)
Will    +....                   t - +0 pair of boots
Stlth   ++........              (no amulet)
HPRegen 0.15/turn               d - +4 ring of protection
MPRegen 0.18/turn               u - ring of willpower

@: no status effects
A: no striking features
a: no special abilities


You were on level 6 of the Dungeon.
You visited 1 branch of the dungeon, and saw 6 of its levels.

You collected 208 gold pieces.
You spent 55 gold pieces at shops.

Inventory:

Hand Weapons
 b - a +2 short sword of speed {b}
 e - a +1 dagger of draining
 B - a +1 whip of electrocution
Missiles
 c - 34 stones
Armour
 p - the +3 cloak of Ofapasti (worn) {Str+4}
   (You found it on level 3 of the Dungeon)

   Str:       It affects your strength (+4).
 q - a +0 helmet (worn)
 t - a +0 pair of boots (worn)
 A - a +0 robe (worn)
Magical Staves
 a - a staff of conjuration (weapon) {a}
Jewellery
 d - a +4 ring of protection (left hand)
 u - a ring of willpower (right hand)
 v - a +4 ring of slaying
Wands
 l - a wand of polymorph (11)
Scrolls
 g - 2 scrolls of vulnerability
 h - a scroll of enchant armour {unknown}
 i - a scroll of amnesia {unknown}
 j - a scroll of noise {unknown}
 k - 2 scrolls of immolation {unknown}
 o - a scroll of blinking
 r - a scroll of enchant weapon {unknown}
 x - a scroll of magic mapping {unknown}
 y - a scroll of torment {unknown}
 D - a scroll of silence {unknown}
Potions
 f - a potion of might {unknown}
 m - a potion of cancellation
 n - a potion of berserk rage
 s - a potion of magic
 w - a potion of mutation {unknown}
 z - a potion of resistance {unknown}
 C - a potion of flight {unknown}
 E - a potion of curing {unknown}


   Skills:
 - Level 3.0 Fighting
 - Level 2.4 Dodging
 - Level 2.4 Stealth
 + Level 8.1 Spellcasting
 - Level 6.0 Conjurations
 + Level 4.3 Hexes
 + Level 5.5 Translocations


You had one spell level left.
You knew the following spells:

 Your Spells              Type           Power      Damage    Failure   Level
a - Magic Dart            Conj           100%       1d8       1%          1
b - Searing Ray           Conj           100%       2d8       1%          2
c - Iskenderun's Mystic   Conj/Tloc      57%        2d12      5%          4
d - Dazzling Flash        Conj/Hex       100%       N/A       1%          3
e - Apportation           Tloc           78%        N/A       1%          1
f - Tukima's Dance        Hex            33%        N/A       2%          3
g - Fulminant Prism       Conj/Hex       27%        3d14      7%          4
h - Passage of Golubria   Tloc           39%        N/A       6%          4

Your spell library contained the following spells:

 Spells                   Type           Power      Damage    Failure   Level
 Beastly Appendage        Tmut           20%        N/A       5%          1
 Summon Small Mammal      Summ           40%        N/A       5%          1
 Inner Flame              Hex/Fire       21%        N/A       7%          3
 Sublimation of Blood     Necr           10%        N/A       9%          2
 Wereblood                Tmut           10%        N/A       9%          2
 Cause Fear               Hex            16%        N/A       10%         4
 Call Canine Familiar     Summ           10%        N/A       17%         3
 Spider Form              Tmut/Pois      10%        N/A       17%         3
 Irradiate                Conj/Tmut      19%        3d18      41%         5
 Petrify                  Tmut/Erth      10%        N/A       50%         4
 Yara's Violent Unravell  Hex/Tmut       10%        3d6       54%         5
 Alistair's Intoxication  Tmut/Pois      6%         N/A       83%         5
 Discord                  Hex            16%        N/A       100%        8
 Summon Horrible Things   Summ           5%         N/A       100%        8


Dungeon Overview and Level Annotations

Branches:
Dungeon (6/15)
 Temple: D:4-7

Altars:
Dithmenos
Elyvilon

Shops:
D:2 :[   D:3 !

Annotations:
D:4 1 runed translucent door, Crazy Yiuf
D:5 Dowan


Message History

Confirm with . or Enter, or press ? or * to list all spells.
Casting: Dazzling Flash (safe; 1% risk of failure)
Press: ? - help, Dir - look around, f - activate You feel a surge of power!
The adder is dazzled.
The centaur is dazzled.
The centaur shoots an arrow.
The arrow hits the adder.
The adder bites you.
You are poisoned.
The adder poisons you!
The centaur shoots an arrow.
The arrow misses the adder.
The arrow closely misses you.
You feel sick.
Items here: ))) [[[.
You feel sick.
The centaur shoots an arrow.
The arrow hits the adder!
The adder dies!
The centaur shoots an arrow.
The arrow misses you.
You feel sick.
The centaur shoots an arrow.
The arrow barely misses you.
You feel sick.
You feel sick.
You are no longer poisoned.
The centaur shoots an arrow.
The arrow hits you.
* * * LOW HITPOINT WARNING * * *
The centaur is no longer blind.
The centaur shoots an arrow.
The arrow barely misses you.
The centaur shoots an arrow.
The arrow barely misses you.
Your magical contamination has completely faded away.
Casting: Dazzling Flash (safe; 1% risk of failure)
Confirm with . or Enter, or press ? or * to list all spells.
Okay, then.
Blink to where?
Press: ? - help, Dir - move target
As you read the scroll of blinking, it crumbles to dust.
The centaur shoots an arrow.
The arrow barely misses you.
The centaur shoots an arrow.
The arrow hits you.
* * * LOW HITPOINT WARNING * * *
Things that are here:
a +0 flail; an orc skeleton The centaur shoots an arrow.
The arrow barely misses you.
The centaur shoots an arrow.
The arrow hits you!
* * * LOW HITPOINT WARNING * * *
There is a stone staircase leading up here.
The centaur shoots an arrow.
The arrow hits you.
You die...

.# #..## .# #.##
.####.# #####
.+.##.# ...# .#..>.#
#.#############
.###.##
#.............#
.#...###
#.............#
.#.#c..#
###÷...........#
.#.##..#
#@)............#
##.....#
####............#
#####.#
.........c.#######
#.################.#
#...c).....# #.#
##########.#######.#
#.c..§....#
###########


You could see a centaur.

Vanquished Creatures
  Pikel (D:5)
  Menkaure (D:5)
  Duvessa (D:5)
  A black bear (D:6)
  2 lemures (D:5)
  2 scorpions
  3 wights (D:6)
  2 hounds (D:5)
  Jessica (D:2)
  Natasha (thrice) (D:2)
  5 adders
  A white imp (D:6)
  4 dart slugs (D:2)
  3 orcs
  7 ball pythons
  8 bats
  5 endoplasms
  A giant cockroach (D:1)
  6 goblins
  3 hobgoblins
  4 kobolds
  3 quokkas
  A frilled lizard (D:1)
  7 rats
75 creatures vanquished.

Vanquished Creatures (others)
  An adder (D:6)
  2 fungi (D:3)
  2 plants (D:3)
5 creatures vanquished.

Grand Total: 80 creatures vanquished

Notes
Turn   | Place    | Note
-------+----------+-------------------------------------------
     0 | D:1      | KyoPewz the Deep Elf Conjurer began the quest for the Orb.
     0 | D:1      | Reached XP level 1. HP: 10/10 MP: 6/6
   317 | D:1      | Reached XP level 2. HP: 16/16 MP: 5/8
   514 | D:1      | Learned a level 2 spell: Searing Ray
   681 | D:1      | Reached skill level 1 in Fighting
  1046 | D:2      | Reached skill level 4 in Spellcasting
  1219 | D:2      | Reached XP level 3. HP: 20/20 MP: 5/10
  1295 | D:2      | Got the Atlas of Creation
  1412 | D:2      | Found Atofuro's Book Shop.
  1614 | D:2      | Noticed Jessica
  1617 | D:2      | Killed Jessica
  1618 | D:2      | Reached XP level 4. HP: 26/26 MP: 7/12
  1679 | D:2      | Noticed Natasha
  1682 | D:2      | Killed Natasha
  1683 | D:2      | Reached skill level 5 in Spellcasting
  1713 | D:2      | Found Ucyim's Armour Shop.
  1721 | D:2      | Bought a +0 cloak for 45 gold pieces
  1735 | D:2      | Learned a level 4 spell: Iskenderun's Mystic Blast
  1739 | D:2      | Learned a level 3 spell: Dazzling Flash
  1932 | D:2      | Noticed Natasha
  1936 | D:2      | Killed Natasha
  1937 | D:2      | Reached XP level 5. HP: 31/31 MP: 9/14
  2153 | D:2      | Noticed Natasha
  2156 | D:2      | Killed Natasha
  2157 | D:2      | Reached skill level 1 in Translocations
  2388 | D:3      | Identified the +3 cloak of Ofapasti {Str+4}
  2549 | D:3      | Found a faded altar of an unknown god.
  2605 | D:3      | Found Tegem's Distillery.
  2612 | D:3      | Bought a potion of degeneration for 10 gold pieces
  2901 | D:4      | Found a shadowy altar of Dithmenos.
  3496 | D:4      | Reached skill level 6 in Spellcasting
  3573 | D:4      | Found a runed translucent door.
  3574 | D:4      | Noticed Crazy Yiuf
  3722 | D:5      | Entered Level 5 of the Dungeon
  3736 | D:5      | Reached skill level 1 in Hexes
  3736 | D:5      | Reached XP level 6. HP: 37/37 MP: 11/17
  3780 | D:5      | Found a white marble altar of Elyvilon.
  3923 | D:5      | Noticed Duvessa
  3927 | D:5      | Noticed Dowan
  3945 | D:5      | Killed Duvessa
  4423 | D:5      | Noticed Menkaure
  4432 | D:5      | Killed Menkaure
  4433 | D:5      | Reached XP level 7. HP: 38/41 MP: 8/18
  4526 | D:5      | Reached skill level 5 in Translocations
  4575 | D:5      | Noticed Pikel
  4594 | D:5      | Killed Pikel
  4595 | D:5      | Reached skill level 7 in Spellcasting
  4595 | D:5      | Reached skill level 5 in Conjurations
  4595 | D:5      | Reached XP level 8. HP: 46/46 MP: 1/21
  4599 | D:5      | Learned a level 1 spell: Apportation
  4603 | D:5      | Learned a level 3 spell: Tukima's Dance
  4608 | D:5      | Learned a level 4 spell: Fulminant Prism
  4613 | D:5      | Learned a level 4 spell: Passage of Golubria
  4875 | D:6      | Reached skill level 8 in Spellcasting
  4999 | D:6      | HP: 1/46 [centaur/arrow (7)]
  5000 | D:6      | Shot with an arrow by a centaur

Illustrated notes

Levels and vault maps discovered:
D:1:      minmay_arrival_three_doors, layout_loops_ring,
          kennysheep_decorative_pillar, serial_bayou_crossing
D:2:      layout_loops_ring, serial_shops, shop_fountains, shop, st_stairs_11,
          feat_on_display, uniq_natasha, uniq_jessica
D:3:      layout_basic, serial_shops, shop,
          shapermc_ecumenical_altar_mp_urbaneastern, kennysheep_generic_room_7
D:4:      layout_basic, grunt_dithmenos_smoke_and_mirrors,
          hangedman_decor_points, uniq_crazy_yiuf_cottage
D:5:      layout_basic, zin_angel, kennysheep_mini_moat, elyvilon_altar_5,
          uniq_ijyb, uniq_pikel, uniq_menkaure, uniq_duvessa
D:6:      layout_basic, serial_shops, kennysheep_mini, kennysheep_small_square

Skill      XL: |  1  2  3  4  5  6  7  8 |
---------------+-------------------------+-----
Fighting       | 1 2 3 |  3.0
Spellcasting   | 4 5 6 7 8 |  8.1
Translocations | 2 4 5 |  5.5
Hexes          | 1 3 4 |  4.3
Conjurations   | 5 6 |  6.0
Dodging        | |  2.4
Stealth        | |  2.4

Action                   |  1- 3 |  4- 6 |  7- 9 || total
-------------------------+-------+-------+-------++-------
Melee: Club              |     2 |       |       ||     2
       Dagger            |     2 |       |       ||     2
       Short sword       |       |     7 |    10 ||    17
 Cast: Magic Dart        |    53 |    65 |    25 ||   143
       Searing Ray       |       |     9 |     4 ||    13
       Dazzling Flash    |       |       |     5 ||     5
  Use: Scroll            |       |     4 |     1 ||     5
       Potion            |       |     1 |       ||     1
Armor: Robe              |    10 |     8 |    11 ||    29
Dodge: Dodged            |    15 |    15 |    38 ||    68
